PIO (24 & UNDER)
COLORADO COMMANDERS @ SURREY SINNERS
08/04/2029
 
TOP OF THE 1ST
Colorado Commanders batting - Pitching for Surrey Sinners : RHP Manuel Colón
Pitching: RHP Manuel Colón
Batting: SHB Pancho Vásquez 0-0: Called Strike
0-1: Ball
1-1: Called Strike
1-2: Ball
2-2: Ball
3-2: Strikes out looking
Batting: RHB Júlio Ramos 0-0: Called Strike
0-1: Ball
1-1: Ball
2-1: Called Strike
2-2: DOUBLE (Line Drive, 78D)
Batting: LHB Abraham Horton 0-0: Swinging Strike
0-1: Ball
1-1: Ball
2-1: SINGLE (Groundball, 56D)
Júlio Ramos to third
Batting: LHB Roberto Herrera 0-0: Ball
1-0: Swinging Strike
1-1: Called Strike
1-2: Strikes out looking
Batting: RHB Joe Roberts 0-0: SINGLE (Groundball, 25) (infield hit)
Júlio Ramos scores
Abraham Horton to second
Batting: RHB Adrián Barrera 0-0: Ball
1-0: Swinging Strike
1-1: Ball
2-1: Ball
3-1: Called Strike
3-2: Base on Balls
Abraham Horton to third
Joe Roberts to second
Batting: RHB Carlos Jiménez 0-0: Swinging Strike
0-1: Called Strike
0-2: Ball
1-2: Ball
2-2: Strikes out swinging
Top of the 1st over - 1 run, 3 hits, 0 errors, 3 left on base; Colorado 1 - Surrey 0
BOTTOM OF THE 1ST
Surrey Sinners batting - Pitching for Colorado Commanders : RHP Juan Ochoa
Pitching: RHP Juan Ochoa
Batting: LHB Ugo Béland 0-0: Foul Ball, location: 2F
0-1: Ball
1-1: SINGLE (Groundball, 56D)
Batting: RHB Robert Sipple 0-0: Ball
1-0: Called Strike
1-1: Swinging Strike
1-2: Ball
2-2: Foul Ball, location: 2F
2-2: Grounds into double play, 4-6-3 (Groundball, 34)
Batting: LHB Carlos Hernández 0-0: Called Strike
0-1: Ball
1-1: SINGLE (Groundball, 6D)
Batting: LHB Robert Mann 0-0: Ball
1-0: Ball
2-0: DOUBLE (Groundball, 3L)
Carlos Hernández to third
Runner from 3rd tries for Home, SAFE, no throw
Batting: RHB Francisco Martínez 0-0: Called Strike
0-1: Foul Ball, location: 2F
0-2: Foul Ball, location: 2F
0-2: Ball
1-2: SINGLE (Groundball, 4MD)
Robert Mann to third
Batting: RHB Jorge Barrios 0-0: Foul Ball, location: 2F
0-1: Ball
Passed Ball!
Robert Mann scores
Francisco Martínez to second
1-1: SINGLE (Line Drive, 78M)
Francisco Martínez to third
Runner from 3rd tries for Home, SAFE, no throw
Batting: RHB Nelson Martínez 0-0: Ball
1-0: Ball
2-0: Foul Ball, location: 2F
2-1: Ground out 5-3 (Groundball, 56)
Bottom of the 1st over - 3 runs, 5 hits, 0 errors, 1 left on base; Colorado 1 - Surrey 3
TOP OF THE 2ND
Colorado Commanders batting - Pitching for Surrey Sinners : RHP Manuel Colón
Batting: RHB Eric Patrick 0-0: Ball
1-0: Bunt for hit - play at first, batter safe!
Batting: RHB Roberto Rodríguez 0-0: Ball
1-0: Ball
2-0: Fielders Choice at 2nd, 4-6 (Groundball, 4)
Batting: SHB Pancho Vásquez 0-0: Ball
1-0: Ball
Roberto Rodríguez steals 2nd base
2-0: Called Strike
2-1: Ball
3-1: Foul Ball, location: 2F
3-2: Foul Ball, location: 2F
3-2: Base on Balls
Batting: RHB Júlio Ramos 0-0: SINGLE (Line Drive, 34)
Roberto Rodríguez to third
Pancho Vásquez to second
Runner from 3rd tries for Home, SAFE, no throw
Batting: LHB Abraham Horton 0-0: Foul Ball, location: 2F
0-1: Ball
1-1: Ball
2-1: Called Strike
Pancho Vásquez steals 3rd base
2-2: Ball
3-2: Foul Ball, location: 2F
3-2: Strikes out swinging
Batting: LHB Roberto Herrera 0-0: Ball
1-0: Ball
2-0: Called Strike
2-1: Foul Ball, location: 2F
2-2: Foul Ball, location: 2F
2-2: Strikes out swinging
Top of the 2nd over - 1 run, 2 hits, 0 errors, 2 left on base; Colorado 2 - Surrey 3
BOTTOM OF THE 2ND
Surrey Sinners batting - Pitching for Colorado Commanders : RHP Juan Ochoa
Batting: LHB Joe Spears 0-0: Ball
1-0: Called Strike
1-1: Ball
2-1: Ball
3-1: Foul Ball, location: 2F
3-2: Strikes out looking
Batting: RHB Jeff Buck 0-0: Ball
1-0: Called Strike
1-1: Ball
2-1: Ground out 6-3 (Groundball, 6)
Now at SS: Alfredo Salinas
Batting: LHB Ugo Béland 0-0: Called Strike
0-1: Swinging Strike
0-2: Ball
1-2: Ball
2-2: Ground out 5-3 (Groundball, 56)
Bottom of the 2nd over - 0 runs, 0 hits, 0 errors, 0 left on base; Colorado 2 - Surrey 3
TOP OF THE 3RD
Colorado Commanders batting - Pitching for Surrey Sinners : RHP Manuel Colón
Batting: RHB Joe Roberts 0-0: Called Strike
0-1: Swinging Strike
0-2: Strikes out swinging
Batting: RHB Alfredo Salinas 0-0: Ball
1-0: Ball
2-0: Ball
3-0: Called Strike
3-1: Ground out 6-3 (Groundball, 6)
Batting: RHB Carlos Jiménez 0-0: Called Strike
0-1: Ball
1-1: Ball
2-1: Ball
3-1: Called Strike
3-2: DOUBLE (Line Drive, 7LM)
Batting: RHB Eric Patrick 0-0: Ball
1-0: Foul Ball, location: 2F
1-1: Ball
2-1: SINGLE (Groundball, 56S) (infield hit)
Carlos Jiménez to third
Batting: RHB Roberto Rodríguez 0-0: Foul Ball, location: 2F
0-1: Ball
1-1: Called Strike
1-2: Foul Ball, location: 2F
1-2: Fielders Choice at 2nd, 6-4 (Groundball, 6)
Top of the 3rd over - 0 runs, 2 hits, 0 errors, 2 left on base; Colorado 2 - Surrey 3
BOTTOM OF THE 3RD
Surrey Sinners batting - Pitching for Colorado Commanders : RHP Juan Ochoa
Batting: RHB Robert Sipple 0-0: Ground out 6-3 (Groundball, 56)
Batting: LHB Carlos Hernández 0-0: Ball
1-0: Called Strike
1-1: Ground out U3 (Groundball, 34D)
Batting: LHB Robert Mann 0-0: Ground out 6-3 (Groundball, 6M)
Bottom of the 3rd over - 0 runs, 0 hits, 0 errors, 0 left on base; Colorado 2 - Surrey 3
TOP OF THE 4TH
Colorado Commanders batting - Pitching for Surrey Sinners : RHP Manuel Colón
Batting: SHB Pancho Vásquez 0-0: Ball
1-0: Called Strike
1-1: Ball
2-1: Ball
3-1: Foul Ball, location: 2F
3-2: Foul Ball, location: 2F
3-2: Foul Ball, location: 2F
3-2: Base on Balls
Pitching: RHP Ed Ramos
Batting: RHB Júlio Ramos 0-0: Ball
Throwing error on steal attempt, E2
Pancho Vásquez to third
1-0: Ball
2-0: Called Strike
2-1: Ball
3-1: Base on Balls
Batting: LHB Abraham Horton 0-0: DOUBLE (Line Drive, 9LD)
Pancho Vásquez scores
Júlio Ramos to third
Batting: LHB Roberto Herrera 0-0: Swinging Strike
0-1: Swinging Strike
0-2: Ball
1-2: SINGLE (Line Drive, 56D)
Júlio Ramos scores
Abraham Horton to third
Runner from 3rd tries for Home, SAFE, no throw
Pitching: LHP Ramón Cardenas
Batting: RHB Joe Roberts 0-0: Ball
1-0: Ball
2-0: Ball
3-0: Base on Balls
Roberto Herrera to second
Batting: RHB Alfredo Salinas 0-0: Called Strike
0-1: Ball
1-1: Ball
2-1: SINGLE (Groundball, 4MD)
Roberto Herrera to third
Joe Roberts to second
Batting: RHB Carlos Jiménez 0-0: Ball
1-0: Swinging Strike
1-1: Ball
2-1: Ball
3-1: Base on Balls
Roberto Herrera scores
Joe Roberts to third
Alfredo Salinas to second
Batting: RHB Eric Patrick 0-0: Ball
1-0: Ball
2-0: Ball
3-0: Called Strike
3-1: Base on Balls
Joe Roberts scores
Alfredo Salinas to third
Carlos Jiménez to second
Batting: RHB Roberto Rodríguez 0-0: Ball
1-0: Ball
2-0: Called Strike
2-1: GRAND SLAM HOME RUN (Line Drive, 78XD), Distance : 409 ft
Batting: SHB Pancho Vásquez 0-0: Called Strike
0-1: Ball
1-1: Ball
2-1: Ground out 1-3 (Groundball, P)
Batting: RHB Júlio Ramos 0-0: Ball
1-0: SOLO HOME RUN (Line Drive, 8RXD), Distance : 429 ft
Batting: LHB Abraham Horton 0-0: Ball
1-0: Called Strike
1-1: Called Strike
1-2: Strikes out swinging
Batting: LHB Roberto Herrera 0-0: Ball
1-0: Ball
2-0: Fly out, F7 (Flyball, 7LM)
Top of the 4th over - 10 runs, 5 hits, 1 error, 0 left on base; Colorado 12 - Surrey 3
BOTTOM OF THE 4TH
Surrey Sinners batting - Pitching for Colorado Commanders : RHP Juan Ochoa
Batting: RHB Francisco Martínez 0-0: Called Strike
0-1: Swinging Strike
0-2: Ball
1-2: Ball
2-2: Foul Ball, location: 2F
2-2: Ball
3-2: Base on Balls
Batting: RHB Jorge Barrios 0-0: Called Strike
0-1: Called Strike
0-2: Foul Ball, location: 2F
0-2: Foul Ball, location: 2F
0-2: Foul Ball, location: 2F
0-2: Strikes out swinging
Batting: RHB Nelson Martínez 0-0: Foul Ball, location: 2F
0-1: Ball
1-1: Ball
2-1: Called Strike
2-2: Foul Ball, location: 2F
2-2: 2-RUN HOME RUN (Flyball, 9LD), Distance : 339 ft
Batting: LHB Joe Spears 0-0: Fly out, F8 (Flyball, 8RD)
Batting: RHB Jeff Buck 0-0: Ball
1-0: Foul Ball, location: 2F
1-1: SINGLE (Groundball, 6MD)
Batting: LHB Ugo Béland 0-0: Ball
1-0: Ball
2-0: Ball
3-0: Called Strike
3-1: Foul Ball, location: 2F
3-2: Foul Ball, location: 2F
3-2: Fly out, F8 (Line Drive, 78D)
Bottom of the 4th over - 2 runs, 2 hits, 0 errors, 1 left on base; Colorado 12 - Surrey 5
TOP OF THE 5TH
Colorado Commanders batting - Pitching for Surrey Sinners : LHP Ramón Cardenas
Batting: RHB Joe Roberts 0-0: Ball
1-0: Called Strike
1-1: Swinging Strike
1-2: Strikes out looking
Batting: RHB Alfredo Salinas 0-0: Ball
1-0: Ball
2-0: Ball
3-0: Called Strike
3-1: Called Strike
3-2: Foul Ball, location: 2F
3-2: Base on Balls
Batting: RHB Carlos Jiménez 0-0: Foul Ball, location: 2F
0-1: Fly out, F9 (Flyball, 9S)
Batting: RHB Eric Patrick 0-0: Ball
1-0: Swinging Strike
1-1: Ball
Wild Pitch!
Alfredo Salinas to second
2-1: Swinging Strike
2-2: Strikes out swinging
Top of the 5th over - 0 runs, 0 hits, 0 errors, 1 left on base; Colorado 12 - Surrey 5
BOTTOM OF THE 5TH
Surrey Sinners batting - Pitching for Colorado Commanders : RHP Juan Ochoa
Batting: RHB Robert Sipple 0-0: Ball
1-0: Called Strike
1-1: Ground out U3 (Groundball, 3)
Batting: LHB Carlos Hernández 0-0: Called Strike
0-1: Fly out, F6 (Popup, 6MS)
Batting: LHB Robert Mann 0-0: Swinging Strike
0-1: Ball
1-1: SINGLE (Line Drive, 3S)
Batting: RHB Francisco Martínez 0-0: Foul Ball, location: 2F
0-1: Fly out, F8 (Flyball, 8LD)
Bottom of the 5th over - 0 runs, 1 hit, 0 errors, 1 left on base; Colorado 12 - Surrey 5
TOP OF THE 6TH
Colorado Commanders batting - Pitching for Surrey Sinners : LHP Ramón Cardenas
Batting: RHB Roberto Rodríguez 0-0: Ball
1-0: Ball
2-0: Foul Ball, location: 2F
2-1: Ball
3-1: Foul Ball, location: 2F
3-2: Foul Ball, location: 2F
3-2: Foul Ball, location: 2F
3-2: Base on Balls
Pitching: RHP Edward Robinson
Batting: SHB Pancho Vásquez 0-0: Ball
Roberto Rodríguez steals 2nd base
1-0: Ball
2-0: Foul Ball, location: 2F
2-1: Ball
3-1: Foul Ball, location: 2F
3-2: Base on Balls
Batting: RHB Júlio Ramos 0-0: Ball
1-0: Called Strike
1-1: Ball
2-1: Foul Ball, location: 2F
2-2: Strikes out looking
Batting: LHB Abraham Horton 0-0: Called Strike
0-1: Ball
Roberto Rodríguez steals 3rd base
Pancho Vásquez to second
1-1: Swinging Strike
1-2: Foul Ball, location: 2F
1-2: Foul Ball, location: 2F
1-2: Strikes out swinging
Batting: LHB Roberto Herrera 0-0: Ball
1-0: Fly out, F9 (Flyball, 9)
Top of the 6th over - 0 runs, 0 hits, 0 errors, 2 left on base; Colorado 12 - Surrey 5
BOTTOM OF THE 6TH
Surrey Sinners batting - Pitching for Colorado Commanders : RHP Juan Ochoa
Batting: RHB Jorge Barrios 0-0: Ball
1-0: Fly out, F7 (Flyball, 7)
Batting: RHB Nelson Martínez 0-0: Ground out 5-3 (Groundball, 5S)
Batting: LHB Joe Spears 0-0: Swinging Strike
0-1: Ball
1-1: Ball
2-1: Called Strike
2-2: Ball
3-2: Foul Ball, location: 2F
3-2: Base on Balls
Pitching: RHP Ron Hannah
Batting: RHB Jeff Buck 0-0: Called Strike
Joe Spears is caught stealing 2nd base
Bottom of the 6th over - 0 runs, 0 hits, 0 errors, 0 left on base; Colorado 12 - Surrey 5
TOP OF THE 7TH
Colorado Commanders batting - Pitching for Surrey Sinners : RHP Edward Robinson
Batting: RHB Joe Roberts 0-0: Called Strike
0-1: Foul Ball, location: 2F
0-2: Ball
1-2: Ball
2-2: Foul Ball, location: 2F
2-2: Foul Ball, location: 2F
2-2: Foul Ball, location: 2F
2-2: Fly out, F9 (Flyball, 89S)
Batting: RHB Alfredo Salinas 0-0: Ball
1-0: Called Strike
1-1: Ball
2-1: Ball
3-1: Foul Ball, location: 2F
3-2: Base on Balls
Batting: RHB Carlos Jiménez 0-0: Foul Ball, location: 2F
0-1: Foul Ball, location: 2F
0-2: Foul Ball, location: 2F
0-2: Ball
1-2: Foul Ball, location: 2F
1-2: Foul Ball, location: 2F
1-2: Strikes out looking
Batting: RHB Eric Patrick 0-0: Ball
1-0: Ball
2-0: Foul Ball, location: 2F
2-1: Foul Ball, location: 2F
2-2: Fielders Choice at 2nd, 6-4 (Groundball, 6)
Top of the 7th over - 0 runs, 0 hits, 0 errors, 1 left on base; Colorado 12 - Surrey 5
BOTTOM OF THE 7TH
Surrey Sinners batting - Pitching for Colorado Commanders : RHP Ron Hannah
Batting: RHB Jeff Buck 0-0: Called Strike
0-1: Foul Ball, location: 2F
0-2: Ball
1-2: Ground out 6-3 (Groundball, 6)
Batting: LHB Ugo Béland 0-0: Ball
1-0: Fly out, F6 (Line Drive, 6)
Batting: RHB Robert Sipple 0-0: Called Strike
0-1: Ball
1-1: Ball
2-1: Swinging Strike
2-2: Fly out, F7 (Flyball, 7S)
Bottom of the 7th over - 0 runs, 0 hits, 0 errors, 0 left on base; Colorado 12 - Surrey 5
TOP OF THE 8TH
Colorado Commanders batting - Pitching for Surrey Sinners : RHP Edward Robinson
Batting: RHB Roberto Rodríguez 0-0: Foul Ball, location: 2F
0-1: Called Strike
0-2: Ball
1-2: Ball
2-2: Strikes out swinging
Batting: SHB Pancho Vásquez 0-0: Swinging Strike
0-1: Called Strike
0-2: Foul Ball, location: 2F
0-2: Ball
1-2: Strikes out looking
Batting: RHB Júlio Ramos 0-0: Ball
1-0: Foul Ball, location: 2F
1-1: Swinging Strike
1-2: Foul Ball, location: 2F
1-2: Ball
2-2: Ball
3-2: Foul Ball, location: 2F
3-2: Strikes out swinging
Top of the 8th over - 0 runs, 0 hits, 0 errors, 0 left on base; Colorado 12 - Surrey 5
BOTTOM OF THE 8TH
Surrey Sinners batting - Pitching for Colorado Commanders : RHP Ron Hannah
Batting: LHB Carlos Hernández 0-0: Ball
1-0: Called Strike
1-1: Called Strike
1-2: Fly out, F8 (Line Drive, 89M)
Batting: LHB Robert Mann 0-0: Called Strike
0-1: SINGLE (Line Drive, 4MD)
Batting: RHB Francisco Martínez 0-0: Called Strike
0-1: Foul Ball, location: 2F
0-2: Ball
1-2: Grounds into double play, 6-4-3 (Groundball, 56)
Bottom of the 8th over - 0 runs, 1 hit, 0 errors, 0 left on base; Colorado 12 - Surrey 5
TOP OF THE 9TH
Colorado Commanders batting - Pitching for Surrey Sinners : RHP Edward Robinson
Pitching: RHP Chris Ryan
Batting: LHB Abraham Horton 0-0: Ball
1-0: Fly out, F7 (Flyball, 78M)
Batting: LHB Roberto Herrera 0-0: Ball
1-0: DOUBLE (Line Drive, 7D)
Batting: RHB Joe Roberts 0-0: Ball
1-0: SINGLE (Line Drive, 8LS)
Roberto Herrera to third
Batting: RHB Alfredo Salinas 0-0: Swinging Strike
0-1: Swinging Strike
0-2: Foul Ball, location: 2F
Error on foul ball, E3
0-2: Ball
1-2: Foul Ball, location: 2F
1-2: Ball
2-2: Ball
3-2: Ground out U3 (Groundball, 23)
Roberto Herrera scores
Joe Roberts to second
Batting: RHB Carlos Jiménez 0-0: Ball
1-0: Ball
2-0: Called Strike
2-1: Ball
3-1: Base on Balls
Batting: RHB Eric Patrick 0-0: Called Strike
0-1: Called Strike
0-2: Foul Ball, location: 2F
0-2: Ball
1-2: Ball
2-2: Foul Ball, location: 2F
2-2: Foul Ball, location: 2F
2-2: Strikes out looking
Top of the 9th over - 1 run, 2 hits, 1 error, 2 left on base; Colorado 13 - Surrey 5
BOTTOM OF THE 9TH
Surrey Sinners batting - Pitching for Colorado Commanders : RHP Ron Hannah
Batting: RHB Jorge Barrios 0-0: Ball
1-0: Called Strike
1-1: SOLO HOME RUN (Flyball, 7D), Distance : 380 ft
Batting: RHB Nelson Martínez 0-0: Swinging Strike
0-1: Called Strike
0-2: Ball
1-2: Foul Ball, location: 2F
1-2: Strikes out looking
Batting: LHB Joe Spears 0-0: Called Strike
0-1: Foul Ball, location: 2F
0-2: Ball
1-2: Fly out, F4 (Line Drive, 4)
Batting: RHB Jeff Buck 0-0: Ball
1-0: Ball
2-0: Called Strike
2-1: Foul Ball, location: 2F
2-2: Ball
3-2: Base on Balls
Batting: LHB Ugo Béland 0-0: Called Strike
0-1: Called Strike
0-2: Ball
1-2: Fly out, F8 (Flyball, 8RS)
Bottom of the 9th over - 1 run, 1 hit, 0 errors, 1 left on base; Colorado 13 - Surrey 6
Saturday, December 16th, 2017 - OOTP Baseball 18.8 Build 76